[Event "FIDE World Rapid Chess Championship 2021"]
[White "Bluebaum, Matthias"]
[Black "Krasenkow, Michal"]
[WhiteFideId "24651516"]
[BlackFideId "1113100"]
[WhiteElo "2575"]
[BlackElo "2430"]
[Result "1-0"]
[Round "04"]
[TimeControl "900+10"]
[Date "2021.12.26"]
[WhiteClock "0:00:53"]
[BlackClock "0:01:01"]

1. d4 d5 2. c4 e6 3. Nc3 c6 4. e3 Bd6 5. Bd3 f5 6. Nh3 Nf6 7. O-O O-O 8. Qc2 Ne4 9. f3 Nxc3 10. bxc3 e5 11. cxd5 cxd5 12. Qb3 Kh8 13. f4 e4 14. Be2 Qa5 15. Bd2 Nd7 16. Rfd1 Nf6 17. c4 Qd8 18. cxd5 h6 19. Rdc1 Be7 20. Bc4 b6 21. Be1 Bb7 22. Bh4 Rc8 23. Nf2 Qd6 24. Nd1 Rc7 25. Nc3 a6 26. a4 Rfc8 27. Bxf6 Bxf6 28. Ne2 Be7 29. Rab1 Qa3 30. Kf2 Qxb3 31. Bxb3 b5 32. axb5 axb5 33. Rxc7 Rxc7 34. Ra1 b4 35. Ke1 g6 36. Kd2 Kg7 37. g4 Kf6 38. gxf5 gxf5 39. Ra5 Bd6 40. Rb5 Bc8 41. Rb6 Ke7 42. Ba4 Ra7 43. Bb3 Ra1 44. Nc1 Kd7 45. Ba2 b3 46. Rxb3 Ba6 47. Rb6 Bd3 48. Nxd3 Rxa2+ 49. Nb2 Ba3 50. Kc3 Bxb2+ 51. Rxb2 Ra3+ 52. Rb3 Ra2 53. Rb7+ Kd6 54. h4 Re2 55. Kc4 Rc2+ 56. Kb3 Re2 57. Rf7 Kxd5 58. Rxf5+ Kd6 59. Rh5 Rxe3+ 60. Kc4 Rf3 61. Rxh6+ Kd7 62. Rf6 Rh3 63. d5 Ra3 64. Kd4 Rh3 65. Kxe4 Rxh4 66. Ke5 Rh1 67. Rf7+ Ke8 68. Ra7 Re1+ 69. Kd6 Rf1 70. Ra8+ Kf7 71. Ra4 Rd1 72. Kc6 Ke7 73. Re4+ Kd8 74. Kd6 Rh1 75. f5 Rf1 76. Ke6 Ke8 77. d6 Rd1 78. f6 Kd8 79. f7 Rf1 80. Re5 1-0


[Site "http://www.Chess.com"]

[Event "FIDE World Rapid Chess Championship 2021"]
[White "Martirosyan, Haik M."]
[Black "Ter-Sahakyan, Samvel"]
[WhiteFideId "13306553"]
[BlackFideId "13302531"]
[WhiteElo "2377"]
[BlackElo "2573"]
[Result "1/2-1/2"]
[Round "04"]
[TimeControl "900+10"]
[Date "2021.12.26"]
[WhiteClock "0:03:50"]
[BlackClock "0:04:05"]

1. d4 Nf6 2. c4 e6 3. Nf3 d5 4. Nc3 Bb4 5. Bg5 h6 6. Bxf6 Qxf6 7. Qa4+ Nc6 8. e3 O-O 9. Rc1 Qg6 10. Qc2 Qxc2 11. Rxc2 Rd8 12. a3 Bf8 13. Bd3 Ne7 14. Ke2 Bd7 15. c5 a5 16. h4 Be8 17. Kd2 g6 18. g4 Bg7 19. g5 h5 20. Bb5 Bxb5 21. Nxb5 Rd7 22. b4 Nc6 23. Rb1 e5 24. dxe5 Bxe5 25. Nbd4 Bxd4 26. exd4 axb4 27. axb4 Ra3 28. Rc3 Ra2+ 29. Rc2 Ra3 30. Rc3 Ra2+ 31. Rc2 Ra3 1/2-1/2


[Site "http://www.Chess.com"]

[Event "FIDE World Rapid Chess Championship 2021"]
[White "Sindarov, Javokhir"]
[Black "Vakhidov, Jakhongir"]
[WhiteFideId "14205483"]
[BlackFideId "14201801"]
[WhiteElo "2353"]
[BlackElo "2566"]
[Result "1/2-1/2"]
[Round "04"]
[TimeControl "900+10"]
[Date "2021.12.26"]
[WhiteClock "0:11:15"]
[BlackClock "0:15:04"]

1. Nf3 g6 2. g3 Bg7 3. Bg2 c5 4. O-O Nc6 5. c3 e5 6. e4 Nge7 7. d3 d5 8. Nbd2 O-O 9. Re1 d4 10. cxd4 cxd4 11. b3 Be6 12. Ng5 Bd7 13. f4 1/2-1/2


[Site "http://www.Chess.com"]

[Event "FIDE World Rapid Chess Championship 2021"]
[White "Corrales Jimenez, Fidel"]
[Black "Peng, Li Min"]
[WhiteFideId "3506690"]
[BlackFideId "14112620"]
[WhiteElo "2561"]
[BlackElo "2411"]
[Result "1-0"]
[Round "04"]
[TimeControl "900+10"]
[Date "2021.12.26"]
[WhiteClock "0:01:35"]
[BlackClock "0:00:22"]

1. e4 c5 2. Nf3 d6 3. d4 cxd4 4. Nxd4 Nf6 5. Nc3 a6 6. Bc4 e6 7. Be3 Qc7 8. Qe2 Bd7 9. O-O-O Nc6 10. Bb3 Rc8 11. g4 Nxd4 12. Rxd4 Bc6 13. g5 Nd7 14. f4 Be7 15. Rhd1 O-O 16. f5 Nc5 17. f6 gxf6 18. gxf6 Bxf6 19. Rxd6 Nxb3+ 20. axb3 Be5 21. Qh5 f6 22. Rxe6 Bxe4 23. Bb6 Bg6 24. Qh3 Qf7 25. Bd4 Rfe8 26. Rxe8+ Rxe8 27. Bxe5 fxe5 28. Nd5 Rd8 29. c4 Rf8 30. Qg3 Qg7 31. Qe3 Kh8 32. Rg1 Re8 33. h4 Qf7 34. Kd2 Qf5 35. Kc3 Qc2+ 36. Kb4 a5+ 37. Kb5 Re6 38. Qf3 Be8+ 39. Kxa5 Qd2+ 40. Qc3 Qf2 41. Qe3 Qxb2 42. Kb4 Qd4 43. Qxd4 exd4 44. Rd1 Bc6 45. Rxd4 Kg7 46. Kc5 Re5 47. b4 Be8 48. Kb6 h5 49. b5 Re1 50. Kxb7 Bd7 51. Kc7 Bg4 52. b6 Rd1 53. Rxd1 Bxd1 54. b7 1-0


[Site "http://www.Chess.com"]

[Event "FIDE World Rapid Chess Championship 2021"]
[White "Shoker, Samy"]
[Black "Ivic, Velimir"]
[WhiteFideId "627143"]
[BlackFideId "950122"]
[WhiteElo "2550"]
[BlackElo "2357"]
[Result "0-1"]
[Round "04"]
[TimeControl "900+10"]
[Date "2021.12.26"]
[WhiteClock "0:00:00"]
[BlackClock "0:00:00"]

1. Nf3 Nf6 2. g3 g6 3. Bg2 Bg7 4. O-O O-O 5. d3 d5 6. Nbd2 c5 7. e4 Nc6 8. Re1 e5 9. a3 Re8 10. exd5 Nxd5 11. Rb1 b6 12. c4 Nc7 13. b4 Bf5 14. Qa4 Bd7 15. b5 Nd4 16. Nxd4 cxd4 17. Ne4 Ne6 18. Qd1 f5 19. Nd2 Qc7 20. Bxa8 Rxa8 21. Qf3 Re8 22. Nb3 Bc8 23. c5 bxc5 24. Qc6 Qxc6 25. bxc6 Ba6 26. Na5 Bxd3 27. Rb7 Be4 28. Rxa7 d3 29. Be3 f4 30. Bc1 Ng5 31. Kf1 Nf3 32. Rd1 Nxh2+ 33. Kg1 Nf3+ 34. Kf1 fxg3 35. Be3 c4 36. Rd7 c3 37. fxg3 d2 38. Bxd2 Nxd2+ 39. Ke1 Bf5 40. Rd5 c2 41. Rc1 Nf3+ 42. Kf2 Bh6 43. Rxc2 Bxc2 44. c7 Bf5 45. Rd8 Kf7 46. Kxf3 e4+ 47. Kg2 e3 48. Nc4 Bf8 49. Kf3 e2 50. Rxe8 Kxe8 51. Kxe2 Kd7 52. Kf3 Kxc7 53. a4 Kc6 54. Ne3 Be6 55. Ke4 Bd6 56. g4 Kc5 57. Kf3 Kb4 58. Nc2+ Kxa4 59. Nd4 Bd5+ 60. Ke2 Kb4 61. Nc2+ Kc5 62. Ke3 Be5 63. Ne1 Bd4+ 64. Kf4 Bf6 65. Nd3+ Kd6 66. g5 Bd4 67. Kg4 Be4 68. Nf4 Bf5+ 69. Kf3 Ke5 70. Ng2 Be4+ 0-1


[Site "http://www.Chess.com"]

[Event "FIDE World Rapid Chess Championship 2021"]
[White "Petrovskyi, Vadym"]
[Black "Piorun, Kacper"]
[WhiteFideId "14165210"]
[BlackFideId "1130420"]
[WhiteElo "2282"]
[BlackElo "2547"]
[Result "1-0"]
[Round "04"]
[TimeControl "900+10"]
[Date "2021.12.26"]
[WhiteClock "0:08:16"]
[BlackClock "0:05:31"]

1. e4 c6 2. d4 d5 3. Nc3 dxe4 4. Nxe4 Nf6 5. Nxf6+ exf6 6. c3 Bd6 7. Bd3 O-O 8. Qc2 Re8+ 9. Ne2 h5 10. Be3 Nd7 11. O-O h4 12. h3 Nf8 13. Rfe1 Qc7 14. c4 c5 15. Nc3 cxd4 16. Bxd4 Bd7 17. Nd5 Qd8 18. Rxe8 Bxe8 19. Re1 Bc6 20. Bc3 Bxd5 21. cxd5 Bc7 22. Bb4 Bd6 23. Bc3 Bc7 24. Bb4 Rc8 25. Qd2 Bd6 26. Bc3 Bb8 27. Bb4 a5 28. Be7 Qd7 29. d6 Rc5 30. a4 Qc8 31. Bxf8 Kxf8 32. Bb5 Re5 33. Rc1 Qd8 34. Qxa5 b6 35. Qxb6 Re1+ 36. Rxe1 1-0


[Site "http://www.Chess.com"]

[Event "FIDE World Rapid Chess Championship 2021"]
[White "Indjic, Aleksandar"]
[Black "Szpar, Milosz"]
[WhiteFideId "911925"]
[BlackFideId "1184989"]
[WhiteElo "2544"]
[BlackElo "2315"]
[Result "1-0"]
[Round "04"]
[TimeControl "900+10"]
[Date "2021.12.26"]
[WhiteClock "0:02:27"]
[BlackClock "0:00:25"]

1. d4 Nf6 2. c4 e6 3. Nf3 c5 4. d5 d6 5. Nc3 exd5 6. cxd5 g6 7. Bf4 a6 8. e4 b5 9. Be2 Bg7 10. O-O O-O 11. e5 Nh5 12. Be3 dxe5 13. Bxc5 Re8 14. a4 Nd7 15. Be3 b4 16. Ne4 Ndf6 17. Nxf6+ Nxf6 18. Qb3 Bb7 19. Qxb4 Bxd5 20. a5 Qb8 21. Qxb8 Rexb8 22. Nxe5 Rxb2 23. Bd3 Re8 24. Nf3 Bxf3 25. gxf3 Nd5 26. Bc5 Rc8 27. Rac1 Nc3 28. Bb6 Ra8 29. Rfe1 Na4 30. Bc7 Bd4 31. Re2 Rxe2 32. Bxe2 Nc3 33. Kf1 Nxe2 34. Kxe2 Rc8 35. f4 Ba7 36. Kd1 Bxf2 37. Kd2 Bg1 38. h3 Bh2 39. Ke3 g5 40. Kf3 f5 41. Kg2 Bxf4 42. Bxf4 Rxc1 43. Bxc1 h6 44. Kf2 Kf7 45. Ke3 Ke6 46. Kd4 Kd6 47. Bd2 Ke6 48. Kc5 f4 49. Kb6 Kd7 50. Kxa6 Kc8 51. Ka7 f3 52. Be1 h5 53. h4 gxh4 54. Bxh4 Kc7 55. Bg3+ Kc6 56. a6 1-0


[Site "http://www.Chess.com"]

[Event "FIDE World Rapid Chess Championship 2021"]
[White "Kobalia, Mikhail"]
[Black "Kuzmicz, Krystian"]
[WhiteFideId "4119150"]
[BlackFideId "1119125"]
[WhiteElo "2543"]
[BlackElo "2314"]
[Result "1-0"]
[Round "04"]
[TimeControl "900+10"]
[Date "2021.12.26"]
[WhiteClock "0:00:58"]
[BlackClock "0:00:36"]

1. e4 c5 2. Nf3 Nc6 3. Bb5 a6 4. Bxc6 dxc6 5. d3 Qc7 6. e5 Bg4 7. Nbd2 e6 8. h3 Bh5 9. O-O Ne7 10. Re1 Nd5 11. Ne4 Bxf3 12. Qxf3 Qxe5 13. Bd2 Be7 14. c4 Nf6 15. Bc3 Qc7 16. Bxf6 gxf6 17. Nxf6+ Bxf6 18. Qxf6 Rg8 19. Re3 Qe7 20. Qh6 Qg5 21. Qxg5 Rxg5 22. f4 Rf5 23. Rf1 Kd7 24. g4 Rf6 25. Kg2 b6 26. Re5 Rd8 27. Rf3 Kc7 28. g5 Rg6 29. h4 Rgg8 30. f5 Kd6 31. Re4 e5 32. Kh3 Rde8 33. Rg3 Re7 34. Kg4 h6 35. f6 Re6 36. Kf5 hxg5 37. hxg5 Rh8 38. Ree3 Rh4 39. Rg4 Rh2 40. Rf3 Re8 41. g6 fxg6+ 42. Rxg6 Rf8 43. f7+ Ke7 44. Re6+ Kxf7 45. Kxe5+ Kg7 46. Rg3+ Kh7 47. b3 Rxa2 48. Rxc6 Re2+ 49. Kd6 Rf7 50. Rxb6 Rf6+ 51. Kxc5 Re5+ 52. Kd4 Rxb6 53. Kxe5 Rxb3 54. Kd4 a5 55. Rg5 Ra3 56. c5 a4 57. c6 1-0


[Site "http://www.Chess.com"]

[Event "FIDE World Rapid Chess Championship 2021"]
[White "Klimkowski, Jan"]
[Black "Fridman, Daniel"]
[WhiteFideId "21856222"]
[BlackFideId "11600454"]
[WhiteElo "2211"]
[BlackElo "2542"]
[Result "1/2-1/2"]
[Round "04"]
[TimeControl "900+10"]
[Date "2021.12.26"]
[WhiteClock "0:00:58"]
[BlackClock "0:02:41"]

1. e4 c6 2. d4 d5 3. e5 c5 4. dxc5 e6 5. a3 Bxc5 6. b4 Be7 7. Bb2 a5 8. b5 Nd7 9. Nf3 f6 10. Bd3 fxe5 11. Nxe5 Nxe5 12. Bxe5 Bf6 13. Qh5+ g6 14. Qe2 Bxe5 15. Qxe5 Qf6 16. f4 Qxe5+ 17. fxe5 Nh6 18. Nd2 O-O 19. Nf3 Bd7 20. Kd2 Rf4 21. Rhf1 Raf8 22. h3 Kg7 23. c3 Nf5 24. Ng1 g5 25. Rxf4 gxf4 26. Ne2 Nh4 27. Rf1 Nxg2 28. Rf2 f3 29. Nd4 Nh4 30. Ke3 Kh6 31. Nxf3 Nf5+ 32. Kd2 Ng3 33. Ke3 Nh5 34. Nd4 Rxf2 35. Kxf2 Nf4 36. Bf1 Kg5 37. Nf3+ Kf5 38. Ke3 Be8 39. Nd4+ Kxe5 40. Nf3+ Kf5 41. Nd4+ Ke5 42. Nf3+ 1/2-1/2


[Site "http://www.Chess.com"]

[Event "FIDE World Rapid Chess Championship 2021"]
[White "Zvjaginsev, Vadim"]
[Black "Samunenkov, Ihor"]
[WhiteFideId "4113403"]
[BlackFideId "14187086"]
[WhiteElo "2539"]
[BlackElo "2259"]
[Result "0-1"]
[Round "04"]
[TimeControl "900+10"]
[Date "2021.12.26"]
[WhiteClock "0:02:29"]
[BlackClock "0:00:41"]

1. c4 c5 2. Nf3 Nc6 3. Nc3 e5 4. e3 Nf6 5. Be2 d5 6. d4 exd4 7. exd4 cxd4 8. Nxd4 dxc4 9. Nxc6 Qxd1+ 10. Kxd1 bxc6 11. Bxc4 Bg4+ 12. f3 O-O-O 13. Bd2 Bh5 14. g4 Bg6 15. h4 h5 16. g5 Nd7 17. Ke2 Bc5 18. Rhe1 Kb7 19. Na4 Bd4 20. Bc3 Ne5 21. Nc5+ Kb6 22. Na4+ Kc7 23. b3 Rhe8 24. Bxd4 Nxc4+ 25. Kf2 Rxe1 26. Rxe1 Rxd4 27. bxc4 Rxc4 28. Re7+ Kd6 29. Rxa7 Rc2+ 30. Kg3 Rxa2 31. Ra8 Kc7 32. Ra7+ Kb8 33. Ra6 Bc2 34. Rb6+ Kc7 35. Rb2 Rxb2 36. Nxb2 Kd6 37. Nc4+ Ke6 38. Kf4 Bg6 39. Ke3 Kd5 40. Nb6+ Kc5 41. Nd7+ Kd6 42. Nb6 c5 43. Nc4+ Kd5 44. Nb6+ Ke6 45. Na4 Kd6 46. Nc3 Bf5 47. Kf4 g6 48. Ke3 Ke5 49. Na4 Kd5 50. Nb6+ Kc6 51. Na4 Kb5 52. Nc3+ Kc4 53. Ne2 Kb3 54. Kd2 Bd7 55. Nc3 Bc6 56. f4 Kc4 57. Ne2 Bf3 58. Nc1 Kd4 59. Nb3+ Ke4 60. Nxc5+ Kxf4 61. Nd3+ Kg3 62. Ke3 Bd5 63. Nf4 Bc4 64. Kd4 0-1


[Site "http://www.Chess.com"]

[Event "FIDE World Rapid Chess Championship 2021"]
[White "Gabuzyan, Hovhannes"]
[Black "Suleymanli, Aydin"]
[WhiteFideId "13303732"]
[BlackFideId "13413937"]
[WhiteElo "2535"]
[BlackElo "2202"]
[Result "0-1"]
[Round "04"]
[TimeControl "900+10"]
[Date "2021.12.26"]
[WhiteClock "0:13:25"]
[BlackClock "0:07:11"]

1. Nf3 d5 2. g3 Bf5 3. Bg2 e6 4. c4 c6 5. cxd5 exd5 6. O-O Nd7 7. d3 Ngf6 8. Nc3 Bc5 9. e4 dxe4 10. dxe4 Bg4 11. h3 Bxf3 12. Bxf3 O-O 13. Bf4 Qe7 14. Qc2 Ne5 15. Be2 Ng6 16. Bg5 Qe5 17. Kg2 Qxg5 18. f4 Qh6 19. e5 Nd7 20. Ne4 Be7 21. Rad1 Nb6 22. Qb3 Rfd8 23. a4 Nf8 24. a5 Nd5 25. Bc4 Qe6 26. Kh2 b5 27. axb6 axb6 28. Nc3 b5 29. Bxd5 cxd5 30. Nxd5 Bc5 31. Rd2 Rd7 32. Rc1 Be3 33. f5 Qh6 34. e6 Bxd2 35. Rc6 Qh5 36. g4 Qh4 37. Kg2 Qe1 38. exd7 Qe2+ 39. Kg3 Be1+ 40. Kf4 Nxd7 41. Rc7 Re8 0-1


[Site "http://www.Chess.com"]

[Event "FIDE World Rapid Chess Championship 2021"]
[White "Mastrovasilis, Dimitrios"]
[Black "Yunusov, Mukhammad"]
[WhiteFideId "4202694"]
[BlackFideId "14700930"]
[WhiteElo "2534"]
[BlackElo "1832"]
[Result "1-0"]
[Round "04"]
[TimeControl "900+10"]
[Date "2021.12.26"]
[WhiteClock "0:01:02"]
[BlackClock "0:00:09"]

1. e4 c5 2. Nf3 d6 3. Bb5+ Bd7 4. Bxd7+ Qxd7 5. O-O Nc6 6. c3 Nf6 7. Qe2 e6 8. d4 Be7 9. dxc5 dxc5 10. Bf4 Rd8 11. Na3 Qd3 12. Rfe1 O-O 13. Nc4 Qxe2 14. Rxe2 b5 15. Nce5 Nxe5 16. Nxe5 Bd6 17. h3 Bxe5 18. Bxe5 Rd3 19. a4 b4 20. cxb4 cxb4 21. Rc1 Nd7 22. Bf4 e5 23. Be3 a5 24. Rc7 Ra8 25. Rec2 Nf6 26. Rc8+ Rd8 27. Rxa8 Rxa8 28. f3 Ne8 29. Bb6 f6 30. Rc5 Ra6 31. Bxa5 b3 32. Kf2 Nd6 33. Bc7 Ne8 34. Ba5 Nd6 35. Ke2 Kf7 36. Kd3 Kg6 37. Rd5 Nb7 38. Bb4 Rxa4 39. Kc3 Ra1 40. Rd7 Na5 41. Bxa5 Rxa5 42. Kxb3 Ra1 43. Rd2 f5 44. exf5+ Kxf5 45. Kc4 h5 46. b4 g5 47. b5 Rb1 48. Rd3 g4 49. hxg4+ hxg4 50. Rb3 Rc1+ 51. Kd3 gxf3 52. gxf3 Kf4 53. b6 Rc8 54. b7 Rb8 55. Kc4 Kg3 56. Kd5 Kf4 57. Kc6 Rg8 58. Kc7 Rg7+ 59. Kb6 Rg8 60. Ka7 1-0


[Site "http://www.Chess.com"]

[Event "FIDE World Rapid Chess Championship 2021"]
[White "Kantor, Gergely"]
[Black "Karjakin, Sergey"]
[WhiteFideId "751499"]
[BlackFideId "14109603"]
[WhiteElo "2454"]
[BlackElo "2757"]
[Result "1-0"]
[Round "04"]
[TimeControl "900+10"]
[Date "2021.12.26"]
[WhiteClock "0:00:00"]
[BlackClock "0:03:51"]

1. d4 Nf6 2. c4 e6 3. Nf3 b6 4. g3 Ba6 5. Qc2 c5 6. d5 exd5 7. cxd5 Bb7 8. Bg2 Nxd5 9. O-O Be7 10. Rd1 Nc6 11. Qf5 Nf6 12. e4 g6 13. Qf4 O-O 14. e5 Nh5 15. Qc4 d5 16. exd6 Bxd6 17. Nc3 Qb8 18. Bh6 Re8 19. Nb5 Be7 20. g4 Na5 21. Qc3 Bf6 22. Qd2 Nc4 23. Qc1 a6 24. Nc3 Ng7 25. g5 Bd8 26. Nd5 Nd6 27. Qc3 Ngf5 28. Nh4 Nb5 29. Nf6+ Kh8 30. Qc4 Bxf6 31. Nxf5 Re6 32. gxf6 gxf5 33. Bg7+ Kg8 34. Qh4 Nd4 35. Rxd4 1-0


[Site "http://www.Chess.com"]

[Event "FIDE World Rapid Chess Championship 2021"]
[White "Oparin, Grigoriy"]
[Black "Puranik, Abhimanyu"]
[WhiteFideId "24125890"]
[BlackFideId "5061245"]
[WhiteElo "2725"]
[BlackElo "2472"]
[Result "1/2-1/2"]
[Round "04"]
[TimeControl "900+10"]
[Date "2021.12.26"]
[WhiteClock "0:00:28"]
[BlackClock "0:00:49"]

1. d4 Nf6 2. c4 g6 3. Nf3 Bg7 4. g3 c6 5. Bg2 d5 6. O-O O-O 7. Qa4 dxc4 8. Qxc4 Bf5 9. Nc3 a5 10. Qb3 b5 11. Bf4 a4 12. Qd1 a3 13. b3 Ne4 14. Rc1 Nxc3 15. Rxc3 Be4 16. Be5 Bh6 17. Ne1 Bxg2 18. Nxg2 Qd7 19. Bxb8 Rfxb8 20. e3 Rd8 21. Qc2 Rac8 22. b4 e5 23. dxe5 Qe7 24. Rxa3 Qxb4 25. Rc3 c5 26. Rb1 Qg4 27. h3 Qxh3 28. Rxc5 Rxc5 29. Qxc5 Qf5 30. Qxb5 Rd2 31. Rf1 Rxa2 32. Qd5 Rc2 33. Nh4 Qh3 34. Qd8+ Bf8 35. Rb1 Rc8 36. Qd5 Be7 37. Nf3 h5 38. Qe4 Kg7 39. Nd4 Qg4 40. Qf4 Bg5 41. Qxg4 hxg4 42. Rb7 Kg8 43. e6 f5 44. Kf1 Re8 45. Ke2 Bf6 46. Rb6 Kf8 47. Nb5 Rc8 48. Nd6 Rc2+ 49. Kf1 Ke7 50. Nb5 Be5 51. Nd4 Bxd4 52. exd4 Rd2 53. Rb4 1/2-1/2


[Site "http://www.Chess.com"]

[Event "FIDE World Rapid Chess Championship 2021"]
[White "Harikrishna, Pentala"]
[Black "Janik, Igor"]
[WhiteFideId "5007003"]
[BlackFideId "1159259"]
[WhiteElo "2705"]
[BlackElo "2462"]
[Result "1-0"]
[Round "04"]
[TimeControl "900+10"]
[Date "2021.12.26"]
[WhiteClock "0:04:41"]
[BlackClock "0:02:26"]

1. d4 Nf6 2. c4 e6 3. Nf3 Bb4+ 4. Nbd2 O-O 5. e3 b6 6. Bd3 Bb7 7. O-O d5 8. b3 c5 9. Bb2 cxd4 10. exd4 dxc4 11. bxc4 Bxd2 12. Nxd2 Nc6 13. Nf3 Nb4 14. Be2 Rc8 15. Ne5 Nc6 16. Nxc6 Bxc6 17. Rc1 Ne4 18. f3 Nf6 19. Qd2 Qe7 20. Rfe1 Rfd8 21. Bd3 Qd6 22. Qf2 Qf4 23. Rcd1 Bb7 24. Re5 Nd7 25. Bc1 Qxc1 26. Bxh7+ Kxh7 27. Rxc1 Nxe5 28. dxe5 Rxc4 29. Qe3 Rxc1+ 30. Qxc1 Kg8 31. Qc7 Rd1+ 32. Kf2 Bd5 33. Qc8+ 1-0


[Site "http://www.Chess.com"]

[Event "FIDE World Rapid Chess Championship 2021"]
[White "Mamedov, Rauf"]
[Black "Aziz, Husain"]
[WhiteFideId "13401653"]
[BlackFideId "12100293"]
[WhiteElo "2690"]
[BlackElo "2430"]
[Result "0-1"]
[Round "04"]
[TimeControl "900+10"]
[Date "2021.12.26"]
[WhiteClock "0:02:07"]
[BlackClock "0:00:18"]

1. e4 e5 2. Nf3 Nc6 3. Bc4 Nf6 4. d4 exd4 5. e5 d5 6. Bb5 Ne4 7. Nxd4 Bd7 8. Bxc6 bxc6 9. O-O Bc5 10. f3 Ng5 11. f4 Ne4 12. Be3 Bb6 13. Nd2 Nxd2 14. Qxd2 c5 15. Ne2 d4 16. Bf2 Bc6 17. c4 Qd7 18. Ng3 h5 19. f5 O-O-O 20. h4 Bb7 21. Rae1 Rde8 22. Kh2 Qc6 23. Rg1 g6 24. f6 Re6 25. Nh1 Qa4 26. b3 Qa3 27. Bg3 Ba5 28. Qc2 Bxe1 29. Rxe1 Qb4 30. Re2 Rd8 31. Nf2 Qc3 32. Qxc3 dxc3 33. Bf4 Rd4 34. Kg3 Bxg2 35. Rc2 Be4 36. Rxc3 Bf5 37. a4 Kd7 38. Kf3 Rb6 39. Ke3 Ke6 40. Bg3 Rd8 41. a5 Rb4 42. Kf4 Rdb8 43. Nd3 Bxd3 44. Rxd3 Rxb3 45. Rd5 R8b4 46. Rxc5 Rc3 47. Rc6+ Kd7 48. e6+ Kxc6 49. exf7 Rb8 50. Be1 Rxc4+ 51. Kg5 Rf8 52. Kxg6 Rg4+ 53. Kxh5 Rg2 54. Bd2 Rxf7 55. Bg5 Kd5 56. a6 Ke6 0-1


[Site "http://www.Chess.com"]

[Event "FIDE World Rapid Chess Championship 2021"]
[White "Nguyen, Thai Dai Van"]
[Black "Kovalev, Vladislav"]
[WhiteFideId "358878"]
[BlackFideId "13504398"]
[WhiteElo "2488"]
[BlackElo "2647"]
[Result "0-1"]
[Round "04"]
[TimeControl "900+10"]
[Date "2021.12.26"]
[WhiteClock "0:06:33"]
[BlackClock "0:05:34"]

1. d4 Nf6 2. c4 e6 3. Nf3 Bb4+ 4. Nbd2 O-O 5. a3 Be7 6. e4 d6 7. Qc2 Nfd7 8. Nb1 e5 9. Nc3 Nc6 10. Be3 Bf6 11. d5 Nd4 12. Qd1 Nc5 13. b4 Ncb3 14. Rb1 Nxf3+ 15. gxf3 Nd4 16. Bxd4 exd4 17. Ne2 a5 18. b5 g6 19. Nxd4 Bg7 20. Be2 Qf6 21. Nc2 Qh4 22. b6 Bc3+ 0-1


[Site "http://www.Chess.com"]

[Event "FIDE World Rapid Chess Championship 2021"]
[White "Costachi, Mihnea"]
[Black "Ponkratov, Pavel"]
[WhiteFideId "1217518"]
[BlackFideId "4157800"]
[WhiteElo "2443"]
[BlackElo "2614"]
[Result "1-0"]
[Round "04"]
[TimeControl "900+10"]
[Date "2021.12.26"]
[WhiteClock "0:00:41"]
[BlackClock "0:01:57"]

1. d4 Nf6 2. c4 e5 3. dxe5 Ng4 4. Bf4 g5 5. Bg3 Bg7 6. Nf3 Nc6 7. Nc3 Ngxe5 8. Nxe5 Nxe5 9. e3 d6 10. Be2 Be6 11. h4 h6 12. Qb3 g4 13. O-O O-O 14. Nd5 f5 15. Nf4 Bf7 16. Qc2 Qf6 17. c5 dxc5 18. Qxc5 c6 19. Rfd1 b6 20. Qc2 Rfd8 21. Rac1 c5 22. b3 Kh8 23. Rxd8+ Rxd8 24. Rd1 Rxd1+ 25. Qxd1 a5 26. Bb5 Qe7 27. Qc2 Qf6 28. Qd1 c4 29. bxc4 Nxc4 30. Qd7 Ne5 31. Qc8+ Kh7 32. a4 h5 33. Qc7 Kh6 34. Qc8 Kh7 35. Be8 Kh6 36. Bxf7 Qxf7 37. Qb8 Nc4 38. Qd8 Bf6 39. Qc8 Nd6 40. Qc6 Ne4 41. Nd5 Kg7 42. Bf4 Kh7 43. g3 Bg7 44. Kg2 Nc5 45. Nxb6 Nd3 46. Qd5 Qxd5+ 47. Nxd5 Nb2 48. Bc7 Nxa4 49. Bxa5 Bf8 50. Nf4 Bd6 51. Nxh5 Kg6 52. Nf4+ Bxf4 53. exf4 Nc5 54. Kf1 Ne6 55. Bb6 Nf8 56. Ke2 Nd7 57. Bd4 Nb8 58. Kd3 Nc6 59. Bc5 Na5 60. Kc3 Nb7 61. Bb4 Nd8 62. Kd4 Nf7 63. Kd5 Kf6 64. Ba5 Kg6 65. Ke6 Nh6 66. Bd8 1-0


[Site "http://www.Chess.com"]

[Event "FIDE World Rapid Chess Championship 2021"]
[White "Chigaev, Maksim"]
[Black "Tang, Andrew"]
[WhiteFideId "4108116"]
[BlackFideId "2059630"]
[WhiteElo "2605"]
[BlackElo "2427"]
[Result "1-0"]
[Round "04"]
[TimeControl "900+10"]
[Date "2021.12.26"]
[WhiteClock "0:00:47"]
[BlackClock "0:00:21"]

1. c4 e6 2. g3 d5 3. Bg2 Nf6 4. Nf3 dxc4 5. Qa4+ Nbd7 6. Qxc4 a6 7. Qc2 c5 8. a4 b6 9. O-O Bb7 10. Nc3 Be7 11. Rd1 O-O 12. d3 Bc6 13. e4 e5 14. Nh4 Re8 15. Nf5 Bf8 16. b3 Nb8 17. Bg5 h6 18. Bxf6 Qxf6 19. Ne3 Qd8 20. Ncd5 Bb7 21. Nc4 b5 22. Ncb6 Bxd5 23. Nxd5 Nc6 24. axb5 Nd4 25. Qb2 Nxb5 26. Ra4 Nd4 27. Qa2 Re6 28. h4 Qb8 29. Rb1 Qb7 30. Bh3 Rd6 31. Bg2 Rb8 32. Rc4 Rc6 33. h5 Qd7 34. Qa4 Qe6 35. Kh2 Rb5 36. Bh3 Qd6 37. Kg2 Qd8 38. b4 Qg5 39. Bd7 Rd6 40. Rxd4 exd4 41. Bxb5 axb5 42. Qxb5 cxb4 43. Ra1 Rd8 44. Ra7 b3 45. Qxb3 Qxh5 46. Nf4 1-0


[Site "http://www.Chess.com"]

[Event "FIDE World Rapid Chess Championship 2021"]
[White "Ghaem Maghami, Ehsan"]
[Black "Saraci, Nderim"]
[WhiteFideId "12500739"]
[BlackFideId "6351921"]
[WhiteElo "2553"]
[BlackElo "2414"]
[Result "1-0"]
[Round "04"]
[TimeControl "900+10"]
[Date "2021.12.26"]
[WhiteClock "0:09:19"]
[BlackClock "0:02:06"]

1. c4 Nf6 2. Nc3 c5 3. Nf3 Nc6 4. d4 cxd4 5. Nxd4 g6 6. e4 d6 7. Be2 Bg7 8. Be3 O-O 9. O-O Bd7 10. Nb3 a5 11. Nd2 Ne8 12. Rc1 Nc7 13. Bb6 Bd4 14. Nd5 Bxb6 15. Nxb6 Rb8 16. Nb3 Ne6 17. Nxd7 Qxd7 18. Bg4 Qd8 19. Bxe6 fxe6 20. c5 d5 21. Qg4 Qd7 22. exd5 Qxd5 23. Qa4 e5 24. Nxa5 Ra8 25. b4 Rf4 26. Nxc6 1-0


[Site "http://www.Chess.com"]

[Event "FIDE World Rapid Chess Championship 2021"]
[White "Tologontegin, Semetey"]
[Black "Parligras, Mircea-Emilian"]
[WhiteFideId "13800574"]
[BlackFideId "1204297"]
[WhiteElo "2300"]
[BlackElo "2550"]
[Result "0-1"]
[Round "04"]
[TimeControl "900+10"]
[Date "2021.12.26"]
[WhiteClock "0:00:27"]
[BlackClock "0:00:45"]

1. d4 Nf6 2. c4 e6 3. Nc3 Bb4 4. e3 O-O 5. Ne2 c6 6. a3 Ba5 7. Ng3 d5 8. cxd5 exd5 9. Bd3 Re8 10. O-O Nbd7 11. Qc2 h5 12. h3 Nf8 13. Bd2 Bc7 14. f4 h4 15. Nge2 Qe7 16. Kh1 Bd7 17. Ng1 Ne4 18. Be1 Nxc3 19. Bxc3 c5 20. Rae1 c4 21. Bf5 g6 22. Bxd7 Nxd7 23. Nf3 Nf6 24. Bb4 Qe6 25. Ng5 Qf5 26. Qf2 a5 27. Bc3 Kg7 28. Qxh4 Rh8 29. Qg3 Rae8 30. a4 Qc2 31. Qf3 Qxa4 32. e4 dxe4 33. Nxe4 Nd5 34. f5 Qc6 35. fxg6 Qxg6 36. Nc5 Nxc3 37. bxc3 Rxe1 38. Rxe1 b6 39. Nd7 Rh5 40. Re4 Rf5 41. Qe2 Rf1+ 42. Qxf1 Qxe4 43. Qf6+ Kg8 44. Ne5 Bxe5 45. dxe5 a4 46. Qd8+ Kh7 47. Qe7 Qf5 48. Qh4+ Kg7 49. Qxc4 a3 50. Qa2 Qf1+ 51. Kh2 Qf4+ 52. Kh1 Qc1+ 53. Kh2 Qb2 54. Qc4 a2 55. Qg4+ Kf8 56. Qg5 Ke8 57. Qg8+ Ke7 58. Qg5+ Kd7 59. Qg4+ Kc7 60. Qc4+ Kb8 61. e6 fxe6 62. Qf4+ Kb7 63. Qf3+ Ka7 64. Qf7+ Ka6 65. Qxe6 a1=Q 66. Qc4+ Qb5 67. Qc8+ Ka5 68. Qa8+ Qa6 69. Qd5+ Ka4 70. Qd4+ Kb3 71. Qb4+ Ka2 72. c4 Qc1 73. Qa4+ Qxa4 0-1


[Site "http://www.Chess.com"]